 Dungeon Crawl Stone Soup version 0.21-a0-625-g1119ec1 (webtiles) character file.

3629 tidbits the Summoner (level 10, -2/73 HPs)
             Began as a Gnoll Summoner on Dec 24, 2017.
             Was a Follower of Cheibriados.
             Splashed by a jelly's acid (8 damage)
             ... on level 8 of the Dungeon.
             The game lasted 00:29:01 (2926 turns).

tidbits the Summoner (Gnoll Summoner)               Turns: 2926, Time: 00:29:02

Health: -2/73      AC:  0    Str: 15    XL:     10   Next: 11%
Magic:  16/20      EV: 17    Int: 24    God:    Cheibriados [*.....]
Gold:   263        SH:  0    Dex: 19    Spells: 14/23 levels left

rFire    + + .     SeeInvis .   a - +0 dagger (elec)
rCold    + . .     Gourm    .   (no shield)
rNeg     . . .     Faith    .   B - +1 robe {rC+ rF+}
rPois    .         Spirit   .   E - +0 helmet
rElec    .         Reflect  .   (no cloak)
rCorr    .         Harm     .   (no gloves)
MR       .....                  (no boots)
Stlth    ++++......             M - amulet of rage
HPRegen  0.22/turn              d - +2 ring of strength
MPRegen  0.17/turn              S - ring of protection from fire

@: corroded, very slow
A: distributed training, fangs 1, strong nose
a: Bend Time, Renounce Religion, Evoke Berserk Rage


You were on level 8 of the Dungeon.
You worshipped Cheibriados.
Cheibriados was aware of your devotion.
You were not hungry.

You visited 2 branches of the dungeon, and saw 10 of its levels.

You collected 263 gold pieces.

Inventory:

Hand Weapons
 a - a +0 dagger of electrocution (weapon)
   (You took it off an orc on level 5 of the Dungeon)
 g - a +0 blowgun
 i - a cursed -1 blowgun
 k - a +0 hunting sling
 p - a +0 club
 r - a +2 rapier of venom
   (You found it on level 7 of the Dungeon)
 u - a +0 dagger
 x - a cursed +0 hand axe
 F - a +0 dire flail of holy wrath
   (You took it off Blork the orc on level 5 of the Dungeon)
Missiles
 l - 40 stones
 o - 5 poisoned needles
 q - 4 curare-tipped needles
 G - a throwing net {!f}
 R - 13 sling bullets
 T - 2 javelins (quivered)
Armour
 s - a +0 buckler
 v - a +2 leather armour of magic resistance
   (You took it off an orc priest on level 5 of the Dungeon)
 A - a +0 robe
 B - a +1 robe of resistance (worn)
   (You took it off a wight on level 6 of the Dungeon)
 E - a +0 helmet (worn)
 P - a +0 robe of magic resistance
   (You took it off Blork the orc on level 5 of the Dungeon)
Magical Staves
 t - an uncursed staff of air {unknown}
   (You found it on level 4 of the Dungeon)
 C - an uncursed staff of wizardry {unknown}
   (You found it on level 6 of the Dungeon)
Jewellery
 d - a +2 ring of strength (left hand)
   (You found it on level 1 of the Dungeon)
 e - an uncursed ring of positive energy
   (You found it on level 3 of the Dungeon)
 D - an uncursed amulet of faith
   (You found it on level 6 of the Dungeon)
 M - an amulet of rage (around neck)
   (You found it on level 4 of the Dungeon)
 S - a ring of protection from fire (right hand)
   (You found it on level 6 of the Dungeon)
Wands
 N - a wand of clouds (3)
Scrolls
 f - a scroll of magic mapping {unknown}
 h - 3 scrolls of noise
 j - a scroll of teleportation
 y - 2 scrolls of fear
 z - 2 scrolls of amnesia
 J - 2 scrolls of remove curse
 L - a scroll of blinking
Potions
 m - 3 potions of cancellation {unknown}
 n - 2 potions of agility
 w - a potion of might {unknown}
 H - 2 potions of curing
 O - a potion of ambrosia
 Q - a potion of flight
Books
 b - a book of Callings

   Spells                             Type                      Level
   a - Summon Small Mammal            Summoning                    1
   b - Call Imp                       Summoning                    2
   c - Call Canine Familiar           Summoning                    3
   d - Summon Guardian Golem          Hexes/Summoning              3
   e - Summon Lightning Spire         Summoning/Air                4
   f - Summon Ice Beast               Ice/Summoning                4
 I - a book of Air
   (You found it on level 7 of the Dungeon)

   Spells                             Type                      Level
   a - Shock                          Conjuration/Air              1
   b - Swiftness                      Charms/Air                   2
   c - Static Discharge               Conjuration/Air              3
   d - Airstrike                      Air                          4
   e - Lightning Bolt                 Conjuration/Air              5
Comestibles
 c - 12 rations


   Skills:
 + Level 4.9 Fighting
 + Level 4.9 Short Blades
 + Level 4.9 Long Blades
 + Level 4.9 Axes
 + Level 4.9 Maces & Flails
 + Level 4.9 Polearms
 + Level 4.9 Staves
 + Level 4.9 Slings
 + Level 4.9 Bows
 + Level 4.9 Crossbows
 + Level 4.9 Throwing
 + Level 4.9 Armour
 + Level 6.7 Dodging
 + Level 6.5 Stealth
 + Level 4.9 Shields
 + Level 4.9 Unarmed Combat
 + Level 7.1 Spellcasting
 + Level 4.0 Conjurations
 + Level 4.0 Hexes
 + Level 4.0 Charms
 + Level 8.2 Summonings
 + Level 4.0 Necromancy
 + Level 4.0 Translocations
 + Level 4.0 Transmutations
 + Level 4.0 Fire Magic
 + Level 4.0 Ice Magic
 + Level 4.0 Air Magic
 + Level 4.0 Earth Magic
 + Level 4.0 Poison Magic
 + Level 5.3 Invocations
 + Level 4.9 Evocations


You had 14 spell levels left.
You knew the following spells:

 Your Spells              Type           Power        Failure   Level  Hunger
c - Call Canine Familiar  Summ           #####...     1%          3    None
i - Call Imp              Summ           #####...     1%          2    None
L - Summon Lightning Spi  Summ/Air       #####...     5%          4    ###....


Dungeon Overview and Level Annotations

Branches:
Dungeon (9/15)             Temple (1/1) D:6            Lair (0/6) D:9
    Orc: D:9-12

Altars:
Ashenzari
Cheibriados
Dithmenos
Elyvilon
Fedhas
Gozag
Hepliaklqana
Makhleb
Nemelex Xobeh
Okawaru
Qazlal
Ru
Sif Muna
Uskayaw
Vehumet
Wu Jian
Xom
Yredelemnul
Zin
The Shining One


Innate Abilities, Weirdness & Mutations

Your experience applies equally to all skills.
You have very sharp teeth.
Your uncanny sense of smell can sniff out nearby items.


Message History

The jackal misses you.
Your wolf bites the jackal but does no damage.
You hit the jackal but do no damage. You bite the jackal, but do no damage.
The jackal is heavily wounded.
Your wolf closely misses the jackal.
The jackal completely misses you.
You hit the jackal but do no damage. Your bite misses the jackal.
The jackal is heavily wounded.
Your wolf barely misses the jackal.
The jackal completely misses you.
Your wolf barely misses the jackal.
You hit the jackal.
You kill the jackal!
Cheibriados thoroughly appreciates the change of pace.
You hit the kobold. Lightning courses through the kobold!
You kill the kobold!
Cheibriados appreciates the change of pace.
You hit the kobold.
You kill the kobold!
Cheibriados appreciates the change of pace.
Items here: ))) †††
Okay, then.
Butcher an ogre corpse? [(y)es/(c)hoosy/(n)o/(a)ll/(e)dible/(q)uit/?]
Butcher a kobold corpse? [(y)es/(c)hoosy/(n)o/(a)ll/(e)dible/(q)uit/?]
Okay, then.
You butcher the ogre corpse.
Items here: % ))) ÷ †† Unknown command.
Eat one of 4 chunks of flesh? (ye/n/q)
You eat one of the 4 chunks of flesh.
This raw flesh tastes terrible.
Found a ration.
There is an open door here.
Things that are here:
a whip; a javelin; a kobold corpse
T - a javelin You enter the shallow water.
Moving in this stuff is going to be slow.
You see here a dagger.
Things that are here:
a short sword of speed; a kobold corpse You enter the shallow water.
Moving in this stuff is going to be slow.
You see here a javelin.
T - 2 javelins (gained 1)
Things that are here:
an enchanted blowgun; 5 poisoned needles
i - an enchanted blowgun;
o - 5 poisoned needles You open the door.
You see here a ration.
c - 12 rations (gained 1)
You open the door.
There is an open door here.
Found 10 gold pieces.
You see here 10 gold pieces.
You now have 263 gold pieces (gained 10).
You feel a little less agile now.
A jelly and an orc come into view.
The orc shouts!
The jelly quivers.
The jelly moves out of view.
The orc moves out of view.
Found 15 gold pieces and a dagger.
An orc wizard comes into view. It is wielding a dagger.
The orc wizard shouts!
You hear a shout!
An orc priest comes into view. It is wielding a mace.
An orc comes into view. It is wielding a falchion.
The orc barely misses you.
Casting: Call Canine Familiar
Confirm with . or Enter, or press ? or * to list all spells.
Aiming: Summon Lightning Spire
Press: ? - help, Dir - move target cursor An electric hum fills the air.
The jelly hits you.
* * * LOW HITPOINT WARNING * * *
The acid corrodes you!
You are splashed with acid!
The acid burns!
* * * LOW HITPOINT WARNING * * *
The orc closely misses you. The orc completely misses your wolf.
Your wolf bites the jelly.
Your wolf is burned by acid!
Your wolf barely misses the jelly.
The orc hits your wolf with a hand axe.
You hit the jelly.
Your hands burn!
* * * LOW HITPOINT WARNING * * *
The jelly is lightly wounded.
Your wolf barely misses the orc.
The jelly hits you.
* * * LOW HITPOINT WARNING * * *
You are splashed with acid!
The acid burns!
* * * LOW HITPOINT WARNING * * *
The orc wizard mumbles some strange words.
The orc wizard seems to speed up.
The orc priest looks satisfied for a moment.
Your lightning spire shoots out a bolt of lightning at the jelly!
The bolt of electricity hits the jelly.
The bolt of electricity hits the orc.
The orc dies!
Cheibriados appreciates the change of pace.
The bolt of electricity misses the orc.
You hit the jelly but do no damage.
Your hands burn!
* * * LOW HITPOINT WARNING * * *
The jelly is severely wounded.
Your wolf bites the jelly.
The acid corrodes your wolf!
Your wolf is burned by acid!
The jelly hits you.
* * * LOW HITPOINT WARNING * * *
You are splashed with acid!
The acid burns!
You die...

............
....#.#+####
.....#...<...
#.## #....###
#+####.. +.. ##
.......# ###
...########......
........8ho...)..
###
........@Jo$.....
...
+#.....###o.....
###### #...#.#
..... #..... #.#
#.# .... #.#### #
#.# ### #.# #.#
#.# # #.# #.#...
∆ #.# #.#.## #.#
#.#


You could see a jelly, an orc priest, an orc wizard, an orc, a friendly wolf and
a friendly lightning spire.

Vanquished Creatures
  A steam dragon (D:8)
  A black bear (D:7)
  2 orc warriors (D:6)
  2 ice beasts (D:8)
  4 sky beasts
  3 ogres
  2 big kobolds
  Blork the orc (D:5)
  A bullfrog (D:7)
  2 wights
  2 howler monkeys
  A centaur zombie (D:5)
  A quasit (D:8)
  A hound (D:5)
  4 orc priests
  Ijyb (D:4)
  5 orc wizards
  A centaur skeleton (D:6)
  An iguana (D:5)
  A worker ant (D:4)
  A hound skeleton (D:8)
  2 gnolls (D:4)
  3 adders
  A shadow imp (D:7)
  A leopard gecko (D:3)
  12 orcs
  3 giant cockroaches
  2 goblins (D:3)
  2 hobgoblins
  A jackal (D:8)
  3 quokkas
  4 bats
  A frilled lizard (D:3)
  5 kobolds
  A rat (D:1)
79 creatures vanquished.

Vanquished Creatures (collateral kills)
  A two-headed ogre (D:9)
  Joseph (D:8)
  A hippogriff (D:9)
  A water moccasin (D:6)
  2 orc warriors
  A sky beast (D:8)
  A black bear (D:6)
  2 phantoms
  An ogre (D:8)
  A bullfrog (D:8)
  8 wights
  2 howler monkeys (D:8)
  A crimson imp (D:5)
  4 hounds
  2 jellies (D:6)
  5 orc wizards
  A centaur skeleton (D:4)
  A worker ant (D:5)
  A gnoll (D:4)
  3 adders
  A worm (D:2)
  2 dart slugs
  A leopard gecko (D:2)
  7 orcs
  3 giant cockroaches (D:1)
  3 hobgoblins
  8 jackals
  2 bats (D:3)
  2 frilled lizards (D:3)
  2 jackal zombies
  10 kobolds
  A rat (D:1)
82 creatures vanquished.

Grand Total: 161 creatures vanquished

Notes
Turn   | Place    | Note
-------+----------+-------------------------------------------
     0 | D:1      | tidbits the Gnoll Summoner began the quest for the Orb.
     0 | D:1      | Reached XP level 1. HP: 13/13 MP: 6/6
   174 | D:1      | Reached XP level 2. HP: 10/19 MP: 4/7
   178 | D:1      | Learned a level 2 spell: Call Imp
   314 | D:2      | HP: 2/20 [adder (5)]
   325 | D:2      | Reached XP level 3. HP: 12/25 MP: 6/9
   377 | D:3      | Reached skill level 5 in Spellcasting
   401 | D:3      | HP: 2/25 [adder (5)]
   521 | D:3      | Reached skill level 1 in Invocations
   661 | D:3      | Reached skill level 1 in Fighting
   661 | D:3      | Reached skill level 1 in Short Blades
   661 | D:3      | Reached skill level 1 in Long Blades
   661 | D:3      | Reached skill level 1 in Axes
   661 | D:3      | Reached skill level 1 in Maces & Flails
   661 | D:3      | Reached skill level 1 in Polearms
   661 | D:3      | Reached skill level 1 in Staves
   661 | D:3      | Reached skill level 1 in Slings
   661 | D:3      | Reached skill level 1 in Bows
   661 | D:3      | Reached skill level 1 in Crossbows
   661 | D:3      | Reached skill level 1 in Throwing
   661 | D:3      | Reached skill level 1 in Armour
   661 | D:3      | Reached skill level 1 in Shields
   661 | D:3      | Reached skill level 1 in Unarmed Combat
   661 | D:3      | Reached skill level 1 in Evocations
   711 | D:4      | Learned a level 3 spell: Call Canine Familiar
   739 | D:4      | Reached XP level 4. HP: 21/32 MP: 4/11
   745 | D:4      | Learned a level 4 spell: Summon Lightning Spire
   827 | D:4      | Reached skill level 1 in Conjurations
   827 | D:4      | Reached skill level 1 in Hexes
   827 | D:4      | Reached skill level 1 in Charms
   827 | D:4      | Reached skill level 1 in Necromancy
   827 | D:4      | Reached skill level 1 in Translocations
   827 | D:4      | Reached skill level 1 in Transmutations
   827 | D:4      | Reached skill level 1 in Fire Magic
   827 | D:4      | Reached skill level 1 in Ice Magic
   827 | D:4      | Reached skill level 1 in Air Magic
   827 | D:4      | Reached skill level 1 in Earth Magic
   827 | D:4      | Reached skill level 1 in Poison Magic
   844 | D:5      | Entered Level 5 of the Dungeon
   850 | D:5      | Found a shadowy altar of Dithmenos.
   860 | D:5      | Reached XP level 5. HP: 36/37 MP: 12/12
   869 | D:5      | Found a blossoming altar of Fedhas.
   870 | D:5      | Found a sparkling altar of Nemelex Xobeh.
   871 | D:5      | Found a stormy altar of Qazlal.
   964 | D:5      | Noticed a phantom
   967 | D:5      | Reached XP level 6. HP: 14/44 MP: 13/13
   968 | D:5      | Reached skill level 2 in Invocations
   985 | D:5      | Killed a phantom
   985 | D:5      | Reached skill level 5 in Dodging
   999 | D:6      | Reached skill level 2 in Fighting
   999 | D:6      | Reached skill level 2 in Short Blades
   999 | D:6      | Reached skill level 2 in Long Blades
   999 | D:6      | Reached skill level 2 in Axes
   999 | D:6      | Reached skill level 2 in Maces & Flails
   999 | D:6      | Reached skill level 2 in Polearms
   999 | D:6      | Reached skill level 2 in Staves
   999 | D:6      | Reached skill level 2 in Slings
   999 | D:6      | Reached skill level 2 in Bows
   999 | D:6      | Reached skill level 2 in Crossbows
   999 | D:6      | Reached skill level 2 in Throwing
   999 | D:6      | Reached skill level 2 in Armour
   999 | D:6      | Reached skill level 2 in Shields
   999 | D:6      | Reached skill level 2 in Unarmed Combat
   999 | D:6      | Reached skill level 2 in Evocations
  1037 | D:6      | Noticed an orc warrior
  1048 | D:6      | Noticed a black bear
  1048 | D:6      | Killed an orc warrior
  1055 | D:6      | Reached XP level 7. HP: 19/50 MP: 8/15
  1083 | D:6      | Reached skill level 2 in Conjurations
  1083 | D:6      | Reached skill level 2 in Hexes
  1083 | D:6      | Reached skill level 2 in Charms
  1083 | D:6      | Reached skill level 2 in Necromancy
  1083 | D:6      | Reached skill level 2 in Translocations
  1083 | D:6      | Reached skill level 2 in Transmutations
  1083 | D:6      | Reached skill level 2 in Fire Magic
  1083 | D:6      | Reached skill level 2 in Ice Magic
  1083 | D:6      | Reached skill level 2 in Air Magic
  1083 | D:6      | Reached skill level 2 in Earth Magic
  1083 | D:6      | Reached skill level 2 in Poison Magic
  1168 | D:6      | Reached skill level 5 in Stealth
  1171 | D:6      | Reached skill level 3 in Invocations
  1198 | D:6      | HP: 5/51 [orc wizard/magic dart (6)]
  1223 | D:7      | Found a hazy altar of Hepliaklqana.
  1245 | D:7      | Reached XP level 8. HP: 15/57 MP: 11/16
  1440 | D:7      | Reached skill level 3 in Fighting
  1440 | D:7      | Reached skill level 3 in Short Blades
  1440 | D:7      | Reached skill level 3 in Long Blades
  1440 | D:7      | Reached skill level 3 in Axes
  1440 | D:7      | Reached skill level 3 in Maces & Flails
  1440 | D:7      | Reached skill level 3 in Polearms
  1440 | D:7      | Reached skill level 3 in Staves
  1440 | D:7      | Reached skill level 3 in Slings
  1440 | D:7      | Reached skill level 3 in Bows
  1440 | D:7      | Reached skill level 3 in Crossbows
  1440 | D:7      | Reached skill level 3 in Throwing
  1440 | D:7      | Reached skill level 3 in Armour
  1440 | D:7      | Reached skill level 3 in Shields
  1440 | D:7      | Reached skill level 3 in Unarmed Combat
  1440 | D:7      | Reached skill level 3 in Evocations
  1456 | D:7      | Reached skill level 6 in Spellcasting
  1649 | D:4      | Noticed Ijyb
  1666 | D:4      | Killed Ijyb
  1975 | D:5      | Reached skill level 4 in Invocations
  2002 | D:5      | Noticed Blork the orc
  2011 | D:5      | Reached skill level 3 in Conjurations
  2011 | D:5      | Reached skill level 3 in Hexes
  2011 | D:5      | Reached skill level 3 in Charms
  2011 | D:5      | Reached skill level 3 in Necromancy
  2011 | D:5      | Reached skill level 3 in Translocations
  2011 | D:5      | Reached skill level 3 in Transmutations
  2011 | D:5      | Reached skill level 3 in Fire Magic
  2011 | D:5      | Reached skill level 3 in Ice Magic
  2011 | D:5      | Reached skill level 3 in Air Magic
  2011 | D:5      | Reached skill level 3 in Earth Magic
  2011 | D:5      | Reached skill level 3 in Poison Magic
  2021 | D:5      | Killed Blork the orc
  2111 | D:5      | Reached skill level 6 in Dodging
  2111 | D:5      | Reached XP level 9. HP: 63/65 MP: 18/18
  2268 | D:6      | Found a staircase to the Ecumenical Temple.
  2280 | Temple   | Entered the Ecumenical Temple
  2329 | Temple   | Became a worshipper of Cheibriados the Contemplative
  2395 | D:9      | Noticed a two-headed ogre
  2401 | D:9      | HP: 2/65 [two-headed ogre/dire flail of protection (20)]
  2403 | D:9      | Killed a two-headed ogre
  2403 | D:9      | Reached skill level 4 in Fighting
  2403 | D:9      | Reached skill level 4 in Short Blades
  2403 | D:9      | Reached skill level 4 in Long Blades
  2403 | D:9      | Reached skill level 4 in Axes
  2403 | D:9      | Reached skill level 4 in Maces & Flails
  2403 | D:9      | Reached skill level 4 in Polearms
  2403 | D:9      | Reached skill level 4 in Staves
  2403 | D:9      | Reached skill level 4 in Slings
  2403 | D:9      | Reached skill level 4 in Bows
  2403 | D:9      | Reached skill level 4 in Crossbows
  2403 | D:9      | Reached skill level 4 in Throwing
  2403 | D:9      | Reached skill level 4 in Armour
  2403 | D:9      | Reached skill level 4 in Shields
  2403 | D:9      | Reached skill level 4 in Unarmed Combat
  2403 | D:9      | Reached skill level 4 in Evocations
  2411 | D:9      | HP: 3/65 [hippogriff (4)]
  2413 | D:9      | Reached skill level 6 in Stealth
  2413 | D:9      | Reached skill level 8 in Summonings
  2554 | D:9      | Found a staircase to the Lair.
  2555 | D:9      | Noticed a death yak
  2557 | D:9      | Noticed a death yak
  2593 | D:8      | Noticed Joseph
  2604 | D:8      | Killed Joseph
  2604 | D:8      | Reached skill level 5 in Invocations
  2669 | D:8      | Reached * piety under Cheibriados
  2688 | D:8      | Reached XP level 10. HP: 39/73 MP: 18/20
  2694 | D:8      | Reached skill level 7 in Spellcasting
  2822 | D:8      | Reached skill level 4 in Conjurations
  2822 | D:8      | Reached skill level 4 in Hexes
  2822 | D:8      | Reached skill level 4 in Charms
  2822 | D:8      | Reached skill level 4 in Necromancy
  2822 | D:8      | Reached skill level 4 in Translocations
  2822 | D:8      | Reached skill level 4 in Transmutations
  2822 | D:8      | Reached skill level 4 in Fire Magic
  2822 | D:8      | Reached skill level 4 in Ice Magic
  2822 | D:8      | Reached skill level 4 in Air Magic
  2822 | D:8      | Reached skill level 4 in Earth Magic
  2822 | D:8      | Reached skill level 4 in Poison Magic
  2841 | D:8      | HP: 7/73 [sky beast (4)]
  2841 | D:8      | HP: 2/73 [sky beast (5)]
  2926 | D:8      | HP: 6/73 [jelly (2)]
  2926 | D:8      | Splashed by a jelly's acid

Vault maps used:
D:1:      dpeg_arrival_pond
D:3:      serial_bayou, serial_bayou_lagoon_b, serial_bayou_crossing,
          serial_bayou_pond_d, serial_bayou_pond_c, minmay_unequal
D:4:      first_ration, hangedman_abyss_or_decor_passed, uniq_ijyb
D:5:      minitemple, uniq_blork_the_orc
D:6:      minmay_temple_entry_junction_2, nemelex_spade_bored_becter
D:7:      kennysheep_mini, grunt_ogre_cave
D:8:      kennysheep_little_box, uniq_joseph
D:9:      dpeg_lair_monsters, david_orc_2, serial_shops, shop
Temple:   nicolae_temple_elliptical

Skill      XL: |  1  2  3  4  5  6  7  8  9 10 |
---------------+-------------------------------+-----
Spellcasting   | 5 6 7 |  7.1
Invocations    | 1 2 3 4 5 |  5.3
Fighting       | 1 2 3 4 |  4.9
Short Blades   | 1 2 3 4 |  4.9
Long Blades    | 1 2 3 4 |  4.9
Axes           | 1 2 3 4 |  4.9
Maces & Flails | 1 2 3 4 |  4.9
Polearms       | 1 2 3 4 |  4.9
Staves         | 1 2 3 4 |  4.9
Slings         | 1 2 3 4 |  4.9
Bows           | 1 2 3 4 |  4.9
Crossbows      | 1 2 3 4 |  4.9
Throwing       | 1 2 3 4 |  4.9
Armour         | 1 2 3 4 |  4.9
Shields        | 1 2 3 4 |  4.9
Unarmed Combat | 1 2 3 4 |  4.9
Evocations     | 1 2 3 4 |  4.9
Conjurations   | 1 2 3 4 |  4.0
Hexes          | 1 2 3 4 |  4.0
Charms         | 1 2 3 4 |  4.0
Necromancy     | 1 2 3 4 |  4.0
Translocations | 1 2 3 4 |  4.0
Transmutations | 1 2 3 4 |  4.0
Fire Magic     | 1 2 3 4 |  4.0
Ice Magic      | 1 2 3 4 |  4.0
Air Magic      | 1 2 3 4 |  4.0
Earth Magic    | 1 2 3 4 |  4.0
Poison Magic   | 1 2 3 4 |  4.0
Dodging        | 5 6 |  6.7
Stealth        | 5 6 |  6.5
Summonings     | 8 |  8.2

Action                   |  1- 3 |  4- 6 |  7- 9 | 10-12 || total
-------------------------+-------+-------+-------+-------++-------
Melee: Unarmed           |     7 |       |       |       ||     7
       Club              |    11 |       |       |       ||    11
       Bite              |     5 |     7 |    13 |     6 ||    31
       Dagger            |    56 |    42 |   143 |    27 ||   268
       Punch             |       |       |     3 |     1 ||     4
       Rapier            |       |       |     5 |     3 ||     8
       Dire flail        |       |       |       |    11 ||    11
 Fire: Blowgun           |       |    13 |     7 |       ||    20
Throw: Javelin           |       |       |    18 |     2 ||    20
       Stone             |       |       |     5 |       ||     5
 Cast: Summon Small Mamm |    45 |       |       |       ||    45
       Call Imp          |     4 |       |       |       ||     4
       Summon Lightning  |       |     5 |    31 |     3 ||    39
       Call Canine Famil |       |     1 |       |     1 ||     2
Evoke: Wand              |       |       |     1 |       ||     1
  Use: Potion            |     2 |     1 |     2 |     2 ||     7
       Scroll            |       |       |     9 |     2 ||    11
 Stab: Sleeping          |     4 |     6 |     7 |     1 ||    18
       Distracted        |     2 |       |     3 |       ||     5
  Eat: Chunk             |       |       |    11 |     1 ||    12
Armor: Robe              |    23 |     5 |    15 |     6 ||    49
Dodge: Dodged            |    96 |    25 |    87 |    15 ||   223

Table legend:
 A = Spawn XP
 B = Non-spawn XP
 C = Spawn XP percentage of total XP
 D = Spawn monster count
 E = Non-spawn monster count
 F = Spawn count percentage of total count
 G = Total turns spent on level
                    A         B        C        D         E        F      G
               +---------+---------+-------+---------+---------+-------+---------
         Total |       0 |    5185 |   0.0 |       0 |     161 |   0.0 |  2926
               +---------+---------+-------+---------+---------+-------+---------
           D:1 |       0 |      17 |   0.0 |       0 |      14 |   0.0 |   253
           D:2 |       0 |      19 |   0.0 |       0 |       6 |   0.0 |   104
           D:3 |       0 |      43 |   0.0 |       0 |      20 |   0.0 |   338
           D:4 |       0 |     396 |   0.0 |       0 |      21 |   0.0 |   478
           D:5 |       0 |     619 |   0.0 |       0 |      20 |   0.0 |   419
           D:6 |       0 |    1134 |   0.0 |       0 |      32 |   0.0 |   383
           D:7 |       0 |     561 |   0.0 |       0 |       9 |   0.0 |   374
           D:8 |       0 |    1717 |   0.0 |       0 |      32 |   0.0 |   442
           D:9 |       0 |     679 |   0.0 |       0 |       7 |   0.0 |    64
               +---------+---------+-------+---------+---------+-------+---------

Table legend:
 A = Turns spent in this place as a percentage of turns spent in the entire game.
 B = Non-inter-level travel turns spent in this place as a percentage of non-inter-level travel turns spent in the entire game.
 C = Inter-level travel turns spent in this place as a percentage of turns spent in this place.
 D = Turns resting spent in this place as a percentage of non-inter-level travel turns spent in this place.
 E = Turns spent auto-exploring this place as a percentage of non-inter-level travel turns spent in this place.
 F = Non-inter-level travel turns spent in this place divided by the number of levels of this place that you've seen.
                   A       B       C       D       E      F
               +-------+-------+-------+-------+-------+----------------------
         Total | 100.0 | 100.0 |   3.6 |   0.1 |   0.0 | 282.1
       Dungeon |  97.6 |  97.5 |   3.7 |   0.1 |   0.0 | 305.6
        Temple |   2.4 |   2.5 |   0.0 |   0.0 |   0.0 |  71.0
               +-------+-------+-------+-------+-------+----------------------

Table legend:
 A = Kills in this place as a percentage of kills in entire the game.
 B = Kills by you in this place as a percentage of kills by you in the entire game.
 C = Kills by friends in this place as a percentage of kills by friends in the entire game.
 D = Other kills in this place as a percentage of other kills in the entire game.
 E = Experience gained in this place as a percentage of experience gained in the entire game.
 F = Experience gained in this place divided by the number of levels of this place that you have seen.
                   A       B       C       D       E      F
               +-------+-------+-------+-------+-------+----------------------
         Total | 100.0 | 100.0 | 100.0 |   N/A | 100.0 | 518.5
       Dungeon | 100.0 | 100.0 | 100.0 |   N/A | 100.0 | 576.1
               +-------+-------+-------+-------+-------+----------------------

Vault maps used:
D:1:      dpeg_arrival_pond
D:3:      serial_bayou, serial_bayou_lagoon_b, serial_bayou_crossing,
          serial_bayou_pond_d, serial_bayou_pond_c, minmay_unequal
D:4:      first_ration, hangedman_abyss_or_decor_passed, uniq_ijyb
D:5:      minitemple, uniq_blork_the_orc
D:6:      minmay_temple_entry_junction_2, nemelex_spade_bored_becter
D:7:      kennysheep_mini, grunt_ogre_cave
D:8:      kennysheep_little_box, uniq_joseph
D:9:      dpeg_lair_monsters, david_orc_2, serial_shops, shop
Temple:   nicolae_temple_elliptical
